 Dungeon Crawl Stone Soup version 0.28-a0-472-g50180c0d78 (webtiles) character file.

Game seed: 11288263779027157646

74 DasRunzen the Vexing (level 4, -2/44 HPs)
             Began as an Ogre Arcane Marksman on Sept 15, 2021.
             Was a Follower of Makhleb.
             Slain by a water moccasin (5 damage)
             ... on level 4 of the Dungeon.
             The game lasted 00:07:13 (3818 turns).

DasRunzen the Vexing (Ogre Arcane Marksman)         Turns: 3818, Time: 00:07:14

Health: -2/44      AC:  4    Str: 15    XL:     4   Next: 30%
Magic:  7/7        EV: 10    Int: 14    God:    Makhleb [*.....]
Gold:   58         SH:  0    Dex:  9    Spells: 7/7 levels left

rFire   . . .      SeeInvis .   k - +0 hand axe (venom)
rCold   . . .      Faith    .   (no shield)
rNeg    . . .      Spirit   .   a - +1 robe
rPois   .          Reflect  .   (helmet restricted)
rElec   .          Harm     .   (no cloak)
rCorr   .          Rampage  .   (gloves unavailable)
Will    .....                   (boots unavailable)
Stlth   +.........              (no amulet)
HPRegen 0.14/turn               (no ring)
MPRegen 0.10/turn               (no ring)

@: no status effects
A: large, unfitting armour, tough skin 1
a: Renounce Religion


You were on level 4 of the Dungeon.
You worshipped Makhleb.
Makhleb was aware of your devotion.
You visited 1 branch of the dungeon, and saw 4 of its levels.

You collected 58 gold pieces.

Inventory:

Hand Weapons
 k - a +0 hand axe of venom (weapon)
Missiles
 b - 2 large rocks (quivered)
 c - a throwing net
Armour
 a - a +1 robe (worn)
 h - a +0 kite shield
Jewellery
 d - an amulet of magic regeneration
Scrolls
 g - a scroll of magic mapping
Potions
 e - 2 potions of flight
 f - 2 potions of attraction
 i - a potion of haste
 p - a potion of magic {unknown}


   Skills:
 + Level 2.5 Fighting
 + Level 2.5 Throwing
 + Level 2.2 Dodging
 + Level 2.1 Spellcasting
 + Level 3.1 Hexes
 + Level 1.0 Invocations


You had 7 spell levels left.
You didn't know any spells.
Your spell library contained the following spells:

 Spells                   Type           Power      Damage    Failure   Level
 Slow                     Hex            10%        N/A       10%         2
 Inner Flame              Hex/Fire       5%         N/A       36%         3
 Portal Projectile        Hex/Tloc       10%        N/A       36%         3
 Cause Fear               Hex            5%         N/A       54%         4
 Ozocubu's Armour         Ice            1%         N/A       56%         3
 Ozocubu's Refrigeration  Ice            0%         4d5       100%        7


Dungeon Overview and Level Annotations

Branches:
Dungeon (4/15)
 Temple: D:4-7

Altars:
Makhleb


Innate Abilities, Weirdness & Mutations

You are too large for most types of armour.
You have tough skin. (AC +1)


Message History

The water moccasin bites you but does no damage.
You barely miss the water moccasin.
The water moccasin is lightly wounded.
You feel very sick. The water moccasin barely misses you.
The water moccasin closely misses you.
You closely miss the water moccasin.
The water moccasin is lightly wounded.
You feel very sick.
The water moccasin looks more healthy.
The water moccasin bites you but does no damage.
The water moccasin bites you.
You are too injured to fight recklessly!
You are too injured to fight recklessly!
You are too injured to fight recklessly!
You miss the water moccasin.
The water moccasin is moderately wounded.
You feel sick. The water moccasin barely misses you.
You closely miss the water moccasin.
The water moccasin is moderately wounded.
You feel sick.
The water moccasin bites you but does no damage.
The water moccasin bites you.
* * * LOW HITPOINT WARNING * * *
You closely miss the water moccasin.
The water moccasin is moderately wounded.
You feel sick. The water moccasin bites you!
* * * LOW HITPOINT WARNING * * *
The water moccasin bites you but does no damage.
It was a potion of curing.
You feel better. The water moccasin barely misses you.
Throw: 3 large rocks
Press: ? - help, Q - select action, (/) - cycle Shift-Dir - straight line, f - water moccasin
Aim: a water moccasin (moderately wounded, 35% to hit)
You throw a large rock.
The large rock barely misses the water moccasin.
You hear an angry hiss.
The water moccasin bites you.
* * * LOW HITPOINT WARNING * * *
The water moccasin barely misses you. The water moccasin bites you.
You die...

#.# #.#..# (. $....##
#.#... ..! !..#..#
#.##.# ... ...#..#
#.##.# ##.###.##..##
#.##.#
#......##.).######.##.#
##......##.#.#......##.#
......S.##.#.#.#....##.#
...#@...#.#.#.##.##.#
#...............##.#
.....#.###....####....#
#.....#.# #....# #.##.#
#.... #.# #....####.#...
##### #.# #.........#...
#.# #.........#... ###
############.. ...


You could see a water moccasin.

Vanquished Creatures
  A hound skeleton (D:4)
  An adder (D:2)
  An adder skeleton (D:4)
  2 dart slugs
  4 ball pythons
  5 bats
  6 endoplasms
  6 goblins
  5 hobgoblins
  4 kobolds
  A quokka (D:2)
  2 frilled lizards
  6 rats
44 creatures vanquished.

Notes
Turn   | Place    | Note
-------+----------+-------------------------------------------
     0 | D:1      | DasRunzen the Ogre Arcane Marksman began the quest for the
                  | Orb.
     0 | D:1      | Reached XP level 1. HP: 19/19 MP: 2/2
   553 | D:1      | Reached XP level 2. HP: 28/28 MP: 4/4
  1271 | D:1      | Found a faded altar of an unknown god.
  1287 | D:1      | Became a worshipper of Makhleb the Destroyer
  1287 | D:1      | Reached * piety under Makhleb
  1663 | D:1      | Reached XP level 3. HP: 35/35 MP: 5/5
  2403 | D:2      | Reached skill level 3 in Hexes
  3450 | D:3      | Found a burning altar of Makhleb.
  3651 | D:4      | Reached XP level 4. HP: 34/44 MP: 7/7
  3730 | D:4      | Reached skill level 1 in Invocations
  3805 | D:4      | Noticed a water moccasin
  3818 | D:4      | Slain by a water moccasin

Illustrated notes

Levels and vault maps discovered:
D:1:      roderic_octagonal_star, layout_basic,
          hellmonk_ecumenical_altar_inner_sanctum, bh_walls_and_bars
D:2:      minmay_skewed_foursquare, layout_basic, chequers_big_river
D:3:      layout_rooms, bloody_makhleb
D:4:      layout_basic, nicolae_ru_great_annihilating_truth,
          lemuel_coloured_pillars_altar, uniq_ijyb

Skill      XL: |  1  2  3  4 |
---------------+-------------+-----
Dodging        | 2 |  2.2
Fighting       | 2 |  2.5
Hexes          | 3 |  3.1
Spellcasting   | 2 |  2.1
Invocations    | 1 |  1.0
Throwing       | |  2.5

Action                   |  1- 3 |  4- 6 || total
-------------------------+-------+-------++-------
Melee: Unarmed           |    21 |       ||    21
       Club              |    42 |       ||    42
       Hand axe          |    98 |    21 ||   119
Throw: Large rock        |    11 |     1 ||    12
       Throwing net      |     2 |       ||     2
  Use: Scroll            |     9 |     1 ||    10
       Potion            |       |     1 ||     1
 Stab: Held in net/web   |     1 |       ||     1
       Sleeping          |     2 |       ||     2
Armor: Robe              |    60 |     9 ||    69
Dodge: Dodged            |   100 |    14 ||   114

Table legend: (Time is in decaauts)
 A = Elapsed time spent in this place.
 B = Non-inter-level travel time spent in this place.
 C = Inter-level travel time spent in this place.
 D = Time resting spent in this place.
 E = Time spent auto-exploring this place.
 F = Levels seen in this place.
 G = Mean time per level.
                   A        B        C        D        E       F      G
               +--------+--------+--------+--------+--------+-----+--------+
         Total |   3882 |   3771 |    111 |    576 |   2677 |   4 |  970.5 |
       Dungeon |   3882 |   3771 |    111 |    576 |   2677 |   4 |  970.5 |
               +--------+--------+--------+--------+--------+-----+--------+

Top non-repeatable levels by time:
     D:1: 1912 daAuts
     D:2: 1199 daAuts
     D:3: 561 daAuts
     D:4: 209 daAuts
